 Dungeon Crawl Stone Soup version 0.18.1-48-g4cf74bf (webtiles) character file.

990 torvon the Skirmisher (level 8, 0/50 HPs)
             Began as a Gargoyle Chaos Knight on Aug 6, 2016.
             Slain by a crimson imp (3 damage)
             ... on level 5 of the Dungeon.
             The game lasted 00:23:19 (4785 turns).

torvon the Skirmisher (Gargoyle Chaos Knight)       Turns: 4785, Time: 00:23:21

Health: 0/50       AC: 16    Str: 17    XL:     8   Next: 18%
Magic:  8/8        EV: 13    Int: 14    God:    Xom [....*.]
Gold:   163        SH:  0    Dex:  9    Spells: 0 memorised, 7 levels left

rFire  . . .     SeeInvis .     S - +2 long sword (protect)
rCold  . . .     Gourm    .     b - +2 leather armour
rNeg   + . .     Faith    .     (no shield)
rPois  ∞         Spirit   .     p - +0 helmet
rElec  +         Dismiss  .     (no cloak)
rCorr  .         Reflect  .     (no gloves)
SustAt .         Harm     .     (no boots)
MR     .....                    (no amulet)
Stlth  ++........               (no ring)
                                (no ring)

@: not resistant to hostile enchantments, unstealthy
A: negative energy resistance 1, electricity resistance, unbreathing,
petrification resistance, rot immunity, AC +5
a: Renounce Religion


You were on level 5 of the Dungeon.
You worshipped Xom.
You were a beloved toy of Xom.
You were not hungry.

You visited 2 branches of the dungeon, and saw 6 of its levels.

You collected 163 gold pieces.

Inventory:

Hand Weapons
 e - a +1 whip of electrocution
 g - a +0 dire flail
 B - a +2 trident of venom
 S - a +2 long sword of protection (weapon)
Missiles
 i - 8 tomahawks (quivered)
 Z - 7 javelins
Armour
 b - a +2 leather armour (worn)
 k - a +0 plate armour
 o - a +0 animal skin
 p - a +0 helmet (worn)
Magical Staves
 x - an uncursed staff of summoning
Scrolls
 d - 3 scrolls of fear
 j - a scroll of teleportation {unknown}
 l - 2 scrolls of recharging {unknown}
 n - a scroll of amnesia {unknown}
 u - 3 scrolls of random uselessness
 y - 3 scrolls of remove curse
 E - 7 scrolls of identify
 Q - 2 scrolls of immolation {unknown}
 U - 2 scrolls of enchant weapon {unknown}
 V - 2 scrolls of blinking
 Y - a scroll of enchant armour {unknown}
Potions
 a - a potion of haste {unknown}
 f - a potion of curing {unknown}
 h - a potion of invisibility {unknown}
 s - 2 potions of cancellation {unknown}
 z - a potion of ambrosia {unknown}
 A - 4 potions of flight {unknown}
 C - a potion of cure mutation {unknown}
 F - a potion of brilliance {unknown}
 G - a potion of lignification {unknown}
 R - a potion of degeneration {unknown}
 W - a potion of heal wounds {unknown}
Comestibles
 c - 4 bread rations
 L - 2 fruits
 N - a meat ration


   Skills:
 + Level 5.5 Fighting
 + Level 0.6 Long Blades
 + Level 3.9 Maces & Flails
 + Level 2.4 Polearms
 + Level 0.1 Throwing
 + Level 3.8 Armour
 + Level 4.9 Dodging
 + Level 2.6 Stealth


You had 7 spell levels left.
You didn't know any spells.

Dungeon Overview and Level Annotations

Branches:
Dungeon (5/15)             Temple (1/1) D:4

Altars:
Ashenzari
Cheibriados
Dithmenos
Elyvilon
Fedhas
Nemelex Xobeh
Okawaru
Pakellas
Ru
Sif Muna
Trog
Vehumet
Xom
Yredelemnul
The Shining One

Shops:
D:4 [


Innate Abilities, Weirdness & Mutations

You are resistant to torment.
Your stone body is resilient (AC +5).
You are immune to poison.
You resist negative energy.
You are resistant to electric shocks.
You can survive without breathing.
You are immune to petrification.
You are immune to rotting.


Message History

You miss the crimson imp.
The crimson imp is moderately wounded.
The crimson imp hits you.
* * * LOW HITPOINT WARNING * * *
You barely miss the crimson imp.
The crimson imp is moderately wounded.
The crimson imp hits you but does no damage.
The crimson imp blinks!
Things that are here:
a dire flail; a plate armour; an orc corpse
g - a dire flail;
k - a plate armour You see here a giant gecko corpse.
Your leather armour prevents you from hitting the crimson imp.
The crimson imp hits you.
* * * LOW HITPOINT WARNING * * *
You slash the crimson imp!
The crimson imp is severely wounded.
The crimson imp grinds its teeth.
The crimson imp hits you.
You die...

.........#######
######
.........#
#######.## #.##
#......
#..###..........
##.##...........
#.#............
#†#............
#@#.......#..#.
#.5........≈≈%.
#.'........≈≈?.
###.....(.#..#.
#............
#............
##...........
##..........
##.........


You could see a crimson imp.

Vanquished Creatures
  Sigmund (D:2)
  An orc warrior (D:5)
  An ice beast (D:5)
  A wasp (D:4)
  A scorpion (D:5)
  A jelly (D:5)
  A hound (D:5)
  2 orc wizards
  A gnoll shaman (D:4)
  A worker ant (D:5)
  Natasha (thrice) (D:2)
  A hound zombie (D:4)
  A hound skeleton (D:4)
  Robin (D:2)
  A howler monkey zombie (D:5)
  4 adders
  4 gnolls (D:4)
  3 worms
  4 dart slugs
  2 giant geckos
  13 orcs
  5 bats
  3 giant cockroaches
  13 hobgoblins
  4 jackals (D:4)
  3 ball pythons
  4 giant newts
  18 goblins
  10 kobolds
  9 rats
117 creatures vanquished.

Vanquished Creatures (others)
  An ice beast (D:5)
  A giant gecko (D:5)
2 creatures vanquished.

Grand Total: 119 creatures vanquished

Notes
Turn   | Place    | Note
--------------------------------------------------------------
     0 | D:1      | torvon the Gargoyle Chaos Knight began the quest for the Orb.
     0 | D:1      | Reached XP level 1. HP: 14/14 MP: 1/1
    31 | D:2      | Noticed Robin
    34 | D:2      | XOM: potion effect (haste)
    72 | D:2      | XOM: potion effect (brilliance)
    73 | D:2      | Reached XP level 2. HP: 12/19 MP: 2/2
    80 | D:2      | XOM: potion effect (berserk rage)
    99 | D:2      | XOM: potion effect (haste)
   104 | D:2      | Killed Robin
   104 | D:2      | Reached skill level 1 in Dodging
   104 | D:2      | Reached XP level 3. HP: 12/24 MP: 3/3
   231 | D:2      | XOM: harmless Air miscast
   240 | D:3      | XOM: stealth player
   303 | D:3      | Found a sacrificial altar of Ru.
   320 | D:3      | Reached skill level 4 in Fighting
   320 | D:3      | Reached XP level 4. HP: 29/29 MP: 4/4
   605 | D:3      | XOM: silly message
   761 | D:3      | Reached skill level 1 in Stealth
   942 | D:3      | Reached XP level 5. HP: 21/33 MP: 5/5
  1189 | D:2      | Noticed Sigmund
  1193 | D:2      | Noticed Natasha
  1195 | D:2      | XOM: blink monster(s)
  1199 | D:2      | Killed Sigmund
  1199 | D:2      | Reached XP level 6. HP: 19/39 MP: 6/6
  1218 | D:2      | HP: 1/39 [Natasha/magic dart (8)]
  1219 | D:2      | Killed Natasha
  1224 | D:2      | XOM: medium Fire miscast
  1259 | D:2      | Noticed Natasha
  1267 | D:2      | Killed Natasha
  1364 | D:2      | XOM: scenery: create altars
  1946 | D:1      | XOM: 1-stop teleportation journey
  2381 | D:1      | XOM is BORED!
  2381 | D:1      | XOM: summons 3 hostile demons
  2543 | D:1      | XOM: god gift: thick smoking staff {god gift}
  2639 | D:2      | Noticed Natasha
  2642 | D:2      | XOM: mild Erth miscast
  2647 | D:2      | Killed Natasha
  2730 | D:2      | Found an oddly glowing altar of Pakellas.
  2730 | D:2      | Found an iron altar of Okawaru.
  2843 | D:2      | Reached XP level 7. HP: 41/44 MP: 7/7
  3295 | D:4      | Reached skill level 1 in Polearms
  3320 | D:4      | Found Mepawus's Armour Shop.
  3325 | D:4      | XOM: cast spell 'Cause Fear'
  3383 | D:4      | Reached skill level 5 in Fighting
  3489 | D:4      | Found a staircase to the Ecumenical Temple.
  3635 | D:4      | XOM: harmless Necr miscast
  3848 | D:4      | XOM: harmless Divn miscast
  3954 | D:4      | XOM: harmless Pois miscast
  4002 | Temple   | Entered the Ecumenical Temple
  4302 | D:5      | Entered Level 5 of the Dungeon
  4452 | D:5      | XOM: divination: magic mapping
  4490 | D:5      | XOM: silly message
  4512 | D:5      | Reached XP level 8. HP: 27/49 MP: 8/8
  4513 | D:5      | XOM: vitrification
  4757 | D:5      | XOM: divine lightning (protected)
  4785 | D:5      | Slain by a crimson imp

Skill      XL: |  1  2  3  4  5  6  7 |
---------------+----------------------+-----
Dodging        | 1 2 3 4 |  4.9
Fighting       | 4 5 |  5.5
Stealth        | 1 2 |  2.6
Armour         | 3 |  3.8
Polearms       | 2 |  2.4
Long Blades    | |  0.6
Maces & Flails | |  3.9
Throwing       | |  0.1

Action                   |  1- 3 |  4- 6 |  7- 9 || total
-------------------------+-------+-------+-------++-------
Melee: Mace              |    59 |    44 |       ||   103
       Trident           |       |   155 |    79 ||   234
       Long sword        |       |       |    51 ||    51
Throw: Tomahawk          |       |       |     2 ||     2
  Use: Scroll            |       |     4 |     2 ||     6
 Stab: Sleeping          |     2 |       |     2 ||     4
       Paralysed         |     2 |       |       ||     2
       Invisible         |     1 |       |       ||     1
  Eat: Bread ration      |       |     2 |     1 ||     3
       Fruit             |       |       |     1 ||     1
Armor: Leather armour    |    23 |   134 |    87 ||   244
Dodge: Dodged            |    32 |   173 |   105 ||   310
